 Dungeon Crawl Stone Soup version 0.20.1-1-g8b1a95d (webtiles) character file.

3110 Chisa the Arsonist (level 9, 0/45 HPs)
             Began as a Deep Elf Fire Elementalist on Sept 20, 2017.
             Was a Follower of Vehumet.
             Slain by a spiny frog (10 damage)
             ... on level 1 of the Lair of Beasts.
             The game lasted 00:28:09 (10544 turns).

Chisa the Arsonist (Deep Elf Fire Elementalist)    Turns: 10544, Time: 00:28:09

Health: 0/45       AC:  7    Str:  8    XL:     9   Next: 60%
Magic:  15/15      EV: 18    Int: 24    God:    Vehumet [*.....]
Gold:   376        SH:  0    Dex: 15    Spells: 6/14 levels left

rFire    . . .     SeeInvis .   I - +3 morningstar
rCold    . . .     Gourm    .   (no shield)
rNeg     . . .     Faith    .   O - +1 robe "Jualogu" {rElec Str+3} (curse)
rPois    .         Spirit   .   x - +2 helmet
rElec    +         Reflect  .   R - +0 cloak
rCorr    +         Harm     .   (no gloves)
MR       .....                  (no boots)
Stlth    ++++......             (no amulet)
Regen    0.2/turn               g - +5 ring of evasion
MPRegen  0.2/turn               k - ring of resist corrosion

@: lethally poisoned (0 -> -26), hasted, very quick
A: no striking features
a: Renounce Religion


You were on level 1 of the Lair of Beasts.
You worshipped Vehumet.
Vehumet was aware of your devotion.
You were not hungry.

You visited 3 branches of the dungeon, and saw 10 of its levels.

You collected 376 gold pieces.

Inventory:

Hand Weapons
 l - a +2 dagger of holy wrath
 y - a cursed -1 blowgun
 C - a +0 hunting sling
 H - a +0 trident
 I - a +3 morningstar (weapon)
Missiles
 h - 340 stones (quivered)
 A - 32 poisoned needles
 G - a throwing net
Armour
 x - a +2 helmet (worn)
 O - the cursed +1 robe "Jualogu" (worn) {rElec Str+3}
   (You found it on level 7 of the Dungeon)

   It affects your strength (+3).
   It insulates you from electricity.
   It has a curse placed upon it.
 R - a +0 cloak (worn)
Jewellery
 g - a +5 ring of evasion (left hand)
 k - a ring of resist corrosion (right hand)
 q - an uncursed ring of ice
Wands
 u - a wand of flame (11/48)
 B - a wand of lightning (12/15)
 E - a wand of paralysis (9/24)
 F - a wand of polymorph (17/24)
Scrolls
 d - 3 scrolls of teleportation
 e - 5 scrolls of recharging
 f - a scroll of blinking {unknown}
 r - 3 scrolls of fog {unknown}
 s - 2 scrolls of identify
 v - a scroll of enchant armour {unknown}
 J - a scroll of random uselessness {unknown}
 K - a scroll of amnesia {unknown}
 L - a scroll of immolation {unknown}
 N - a scroll of remove curse
Potions
 a - a potion of flight
 j - a potion of lignification {unknown}
 m - a potion of might {unknown}
 n - a potion of mutation
 o - 2 potions of resistance
 p - a potion of haste
 t - 2 potions of ambrosia
 w - a potion of heal wounds
 z - 3 potions of cancellation
 D - a potion of magic {unknown}
 M - a potion of agility
Books
 b - a book of Flames

   Spells                             Type                      Level
   a - Flame Tongue                   Conjuration/Fire             1
   b - Throw Flame                    Conjuration/Fire             2
   c - Conjure Flame                  Conjuration/Fire             3
   d - Inner Flame                    Hexes/Fire                   3
   e - Sticky Flame                   Conjuration/Fire             4
   f - Fireball                       Conjuration/Fire             5
 S - a book of Misfortune

   Spells                             Type                      Level
   a - Confusing Touch                Hexes                        1
   b - Confuse                        Hexes                        3
   c - Gell's Gravitas                Translocation                3
   d - Petrify                        Transmutation/Earth          4
   e - Metabolic Englaciation         Hexes/Ice                    5
   f - Yara's Violent Unravelling     Hexes/Transmutation          5
Comestibles
 c - 5 bread rations
 i - 2 meat rations
 P - 28 fruits
 Q - 2 royal jellies
 T - a chunk of flesh


   Skills:
 - Level 2.4 Dodging
 - Level 8.5 Stealth
 - Level 3.0 Spellcasting
 + Level 5.5 Conjurations
 + Level 12.0 Fire Magic


You had 6 spell levels left.
You knew the following spells:

 Your Spells              Type           Power        Failure   Level  Hunger
a - Flame Tongue          Conj/Fire      #####        1%          1    None
b - Conjure Flame         Conj/Fire      #####...     1%          3    ###....
c - Sticky Flame          Conj/Fire      #####...     2%          4    ####...


Dungeon Overview and Level Annotations

Branches:
Dungeon (8/15)             Temple (1/1) D:6            Lair (1/6) D:8

Altars:
Ashenzari
Fedhas
Qazlal
Trog
Vehumet
Xom
Yredelemnul

Shops:
D:5 %

Annotations:
D:3 Sigmund


Message History

Casting: Flame Tongue
Confirm with . or Enter, or press ? or * to list all spells.
Okay, then.
You feel much better.
You feel sick. The spiny frog stings you!
You are lethally poisoned!
The spiny frog poisons you!
You feel very sick. The spiny frog completely misses you.
You climb downwards.
Welcome back to the Lair of Beasts!
* * * LOW HITPOINT WARNING * * *
You feel very sick.
There is a staircase back to the Dungeon, spattered with blood here.
Casting: Flame Tongue
Confirm with . or Enter, or press ? or * to list all spells.
Okay, then.
You feel yourself speed up.
* * * LOW HITPOINT WARNING * * *
You feel very sick. The spiny frog stings you!
You die...

###
.#.#######...##
........=......
.......@.......
.....[..F......
###############


You could see a spiny frog.

Vanquished Creatures
  Maurice (D:8)
  Edmund (D:6)
  3 orc warriors
  An ice beast (D:6)
  3 porcupines (D:8)
  2 phantoms
  4 ogres
  A sky beast (D:6)
  A big kobold (D:8)
  4 bullfrogs
  A scorpion (D:8)
  2 howler monkeys
  3 crimson imps
  A hound (D:5)
  2 orc priests
  2 jellies (D:6)
  5 orc wizards
  An iguana (D:5)
  A centaur skeleton (D:5)
  8 worker ants
  Terence (D:3)
  5 adders
  8 gnolls
  A howler monkey skeleton (D:8)
  2 shadow imps
  An ooze (D:1)
  2 worms
  4 dart slugs
  3 leopard geckos
  22 orcs
  3 giant cockroaches (D:4)
  6 goblins
  8 hobgoblins
  23 jackals
  4 kobolds
  2 quokkas
  5 bats
  5 frilled lizards
  A leopard gecko skeleton (D:4)
  A quokka skeleton (D:5)
  4 rats
158 creatures vanquished.

Vanquished Creatures (others)
  An orc wizard (D:6)
  A fungus (D:8)
2 creatures vanquished.

Grand Total: 160 creatures vanquished

Notes
Turn   | Place    | Note
-------+----------+-------------------------------------------
     0 | D:1      | Chisa the Deep Elf Fire Elementalist began the quest for the Orb.
     0 | D:1      | Reached XP level 1. HP: 10/10 MP: 6/6
   311 | D:1      | Reached XP level 2. HP: 15/15 MP: 2/8
   382 | D:1      | Reached skill level 4 in Fire Magic
   668 | D:1      | Reached XP level 3. HP: 19/19 MP: 7/9
   844 | D:1      | Learned a level 3 spell: Conjure Flame
   973 | D:1      | Reached skill level 5 in Fire Magic
  1395 | D:2      | Found a bloodstained altar of Trog.
  1474 | D:2      | Reached XP level 4. HP: 24/24 MP: 7/10
  1996 | D:3      | Noticed Sigmund
  2004 | D:3      | Noticed Terence
  2053 | D:3      | Killed Terence
  2680 | D:3      | Reached skill level 6 in Fire Magic
  2819 | D:3      | Reached XP level 5. HP: 28/28 MP: 8/11
  3307 | D:4      | Noticed an ogre
  3342 | D:3      | Killed an ogre
  3342 | D:3      | Reached skill level 7 in Fire Magic
  3807 | D:4      | Reached XP level 6. HP: 30/32 MP: 8/12
  4070 | D:4      | Reached skill level 8 in Fire Magic
  4168 | D:4      | Found a shimmering altar of Xom.
  4551 | D:5      | Entered Level 5 of the Dungeon
  4787 | D:5      | Got a vibrating tin amulet
  4990 | D:5      | Learned a level 4 spell: Sticky Flame
  5317 | D:6      | Reached XP level 7. HP: 36/36 MP: 4/13
  5445 | D:6      | Noticed Edmund
  5464 | D:6      | Reached skill level 9 in Fire Magic
  5553 | D:5      | Found Eqixt's Food Shop.
  5783 | D:5      | Reached skill level 5 in Stealth
  6535 | D:6      | Killed Edmund
  6535 | D:6      | Reached XP level 8. HP: 41/41 MP: 3/14
  6725 | D:6      | Reached skill level 10 in Fire Magic
  7845 | D:6      | Found a staircase to the Ecumenical Temple.
  7909 | Temple   | Entered the Ecumenical Temple
  7915 | Temple   | Became a worshipper of Vehumet
  8518 | D:7      | Got a sheer robe
  8529 | D:7      | Identified the cursed +1 robe "Jualogu" {rElec Str+3} (You found it on level 7 of the Dungeon)
  8884 | D:7      | Found a shattered altar of Ashenzari.
  9244 | D:8      | Identified the amulet "Ibboxuac" {Spirit Dex+2 Stlth+} (You found it on level 5 of the Dungeon)
  9403 | D:8      | Reached skill level 11 in Fire Magic
  9403 | D:8      | Reached XP level 9. HP: 38/45 MP: 8/15
  9490 | D:8      | Noticed Maurice
  9499 | D:8      | Killed Maurice
  9851 | D:8      | Reached * piety under Vehumet
  9851 | D:8      | Offered knowledge of Magic Dart by Vehumet.
 10037 | D:8      | Reached skill level 5 in Conjurations
 10465 | D:8      | Reached skill level 12 in Fire Magic
 10490 | D:8      | Found a staircase to the Lair.
 10537 | Lair:1   | Entered Level 1 of the Lair of Beasts
 10537 | Lair:1   | Noticed a spiny frog
 10544 | Lair:1   | Slain by a spiny frog

Skill      XL: |  1  2  3  4  5  6  7  8  9 |
---------------+----------------------------+-----
Fire Magic     | 4 5 6 7 8 9 11 12 | 12.0
Stealth        | 3 5 8 |  8.5
Conjurations   | 2 5 |  5.5
Dodging        | |  2.4
Spellcasting   | |  3.0

Action                   |  1- 3 |  4- 6 |  7- 9 || total
-------------------------+-------+-------+-------++-------
Melee: Dagger            |    10 |       |       ||    10
       Spear             |       |    59 |       ||    59
       Trident           |       |       |   176 ||   176
       Morningstar       |       |       |    49 ||    49
 Fire: Hunting sling     |       |     9 |       ||     9
Throw: Stone             |     6 |    11 |    11 ||    28
 Cast: Flame Tongue      |    71 |   121 |   215 ||   407
       Conjure Flame     |       |     3 |     8 ||    11
       Sticky Flame      |       |       |     3 ||     3
  Use: Scroll            |       |     5 |     7 ||    12
       Potion            |       |       |     2 ||     2
  Eat: Chunk             |     2 |    11 |    12 ||    25
       Fruit             |       |       |     7 ||     7
Armor: Robe              |     9 |    20 |    48 ||    77
Dodge: Dodged            |    35 |    63 |   244 ||   342
